Zazza, lawful male dwarven Valkyrie $ $ $ # # $ ------- -------- ----|-|-- |.....-###### |......| $ ##........| |.....| # |......| # |.......| ---- |.....-########|......| ### ---.----- |..| --|--.- #.......| # # |..| # # #|..<...| # # $ ---- ### #-----|-- # # $ # ################ # # ##### ## # --------# $ # ---.----- $ ### ##.......|# ### |.......| # |(.....|########## |.......| -.---.- |....F.|# -|------------ |........# $ |.....| |f%..G..# $ |...[.......[| |.......| |.....| ##-.u....| |.[.[[[..[[.[| |.....>..##############.....>| # |G.....| |[.[[).[).[.[| |.......| |......#### -------- |.[[[.[[.[[[.| --------- ------- -------------- Zazza the Man-at-arms Experience level: 10 Strength: 18 Dexterity: 16 Constitution: 20 Intelligence: 9 Wisdom: 9 Charisma: 9 Health: 0(125) Energy: 14(14) Def: 19 Gold: 0 Moves: 29202 Dungeon seed: ENMGnXc16HC9pRVt Game ID: Zazza_1526668990 Your Inventory: Weapons a - the blessed greased rustproof +1 Excalibur (alternate weapon; not wielded) c - the blessed rustproof +2 Mjollnir (weapon in hand) A - 2 +0 knives W - a blessed +0 elven dagger (in quiver) Armor e - an uncursed greased +3 small shield (being worn) j - a blessed +2 orcish helm (being worn) q - an uncursed +0 chain mail (being worn) r - a blessed +1 Uruk-hai shield J - an uncursed +0 pair of kicking boots (being worn) P - a blessed +6 orcish cloak (being worn) Q - an uncursed +0 Hawaiian shirt (being worn) Comestibles f - an uncursed food ration F - 3 uncursed lizard corpses K - an uncursed banana O - an uncursed pancake X - an uncursed lembas wafer Scrolls b - a blessed scroll of blank paper g - 6 uncursed scrolls of blank paper i - 2 uncursed scrolls of earth Spellbooks h - an uncursed spellbook of cause fear Potions k - 2 uncursed potions of water m - an uncursed potion of oil p - an uncursed potion of sickness s - an uncursed potion of speed t - an uncursed potion of sleeping D - an uncursed potion of blindness L - an uncursed potion of paralysis M - 2 uncursed potions of object detection Rings d - an uncursed ring of invisibility (on right hand) B - a blessed +1 ring of adornment I - an uncursed ring of teleport control (on left hand) Wands G - a wand of teleportation (0:8) Y - a wand of polymorph (0:7) Tools n - an uncursed mirror o - a +0 unicorn horn u - an uncursed large box v - an uncursed bag of holding w - a +0 pick-axe y - an uncursed blindfold E - an uncursed tin opener Contents of the large box: 6 +0 daggers a blessed greased +0 scimitar an uncursed greased +0 pair of elven boots an uncursed towel Contents of the bag of holding: an uncursed lichen corpse 3 uncursed slime molds 3 uncursed tripe rations an uncursed ring of cold resistance an uncursed ring of poison resistance an uncursed ring of polymorph control an uncursed ring of polymorph control an uncursed ring of protection from shape changers an uncursed ring of searching a wand of opening (0:8) a wand of slow monster (0:6) a wand of striking (0:6) a wand of striking (0:5) a wand of striking (0:4) an uncursed sack an uncursed skeleton key an uncursed skeleton key an uncursed towel a +0 unicorn horn Contents of the sack: 2 uncursed scrolls of blank paper an uncursed scroll of create monster an uncursed scroll of enchant armor an uncursed ring of conflict a wand of make invisible (0:3) a wand of undead turning (0:4) an uncursed brass lantern (0:1252) an uncursed lock pick an uncursed opal Spells and supernatural/magical abilities: Name Level Category Fail Memory c - cause fear 3 enchantment 100% 75% M - magic mapping 5* divination 100% 0% W - pray for help -- divine ? -- Your skills at the end: Fighting Skills bare handed combat [Basic] Weapon Skills dagger [Basic] long sword [Expert] Spellcasting Skills Final Attributes: You were piously aligned. You were cold resistant. You were sleep resistant. You were poison resistant. You were telepathic. You had infravision. You were invisible. You were stealthy. You could teleport. You had teleport control. You were fast. You are dead. Vanquished creatures: a ghost 2 giant mimics a warg 5 small mimics a djinni a gelatinous cube 2 pyrolisks a large dog a flaming sphere a tiger a gargoyle an ochre jelly a leocrotta a stone giant a human mummy a red naga an ettin zombie 3 leather golems a chameleon a giant beetle a cockatrice 2 wolves 5 winter wolf cubs 2 lynxes 2 panthers a gremlin a spotted jelly 23 leprechauns an orc-captain an iron piercer 4 mumakil 3 giant spiders 4 black lights a dwarf mummy an ogre 3 brown puddings 2 owlbears a yeti a gold golem 2 Green-elves 6 lizards 2 dogs 2 dingos 2 jaguars a blue jelly 2 gray unicorns 2 dust vortices 2 ravens 3 plains centaurs 2 gnome mummies 2 snakes 9 apes 3 human zombies 3 bugbears 2 quasits 4 wood nymphs 2 water nymphs a mountain nymph 7 Mordor orcs 11 Uruk-hai an orc shaman 5 rock piercers 4 rock moles 4 ponies a fog cloud 4 yellow lights 3 shriekers a violet fungus 2 kobold mummies a red naga hatchling 3 black naga hatchlings 2 guardian naga hatchlings 3 gray oozes a barrow wight 11 elf zombies 4 straw golems 3 paper golems a baby crocodile 13 giant ants 9 floating eyes 3 kittens 9 homunculi 2 kobold lords 3 kobold shamans 16 hill orcs 27 rothes 4 rabid rats 2 centipedes 6 giant bats 4 monkeys 6 orc zombies 3 dwarf zombies 2 wererats 2 werejackals 9 iguanas 24 killer bees 8 acid blobs 5 coyotes 5 gas spores 4 hobbits 9 manes 2 large kobolds 8 hobgoblins 8 giant rats 8 cave spiders 5 brown molds 11 yellow molds 6 green molds 2 red molds 17 gnomes 25 garter snakes 5 gnome zombies 16 geckos 20 jackals 4 foxes 3 kobolds 11 goblins 11 sewer rats 25 grid bugs 3 bats 14 lichens 6 kobold zombies 16 newts 612 creatures vanquished. Genocided species: liches 1 species genocided. Voluntary challenges: You used a wielded weapon 735 times, starting on turn 84. You read items or engraved 101 times, starting on turn 1954. You genocided 1 type of monster, starting on turn 16083. You never polymorphed an object. You changed form 1 time, starting on turn 10078. You used no wishes. You split 1 pudding, starting on turn 27678. You never wrote Elbereth's name. You violated your moral code, losing 2 points of alignment, starting on turn 11243. Dungeon overview: The Dungeons of Doom: levels 1 to 9 Level 1 an altar to Tyr, a fountain a long staircase Level 2 a fountain Level 3 Level 4 <- You were here an armor shop stairs to The Gnomish Mines Level 5 a jewelry store, a fountain Level 6 some fountains Level 7 many fountains Level 8 a fountain stairs to Sokoban Level 9 a fountain The Gnomish Mines: levels 5 to 11 Level 5 stairs to The Dungeons of Doom Level 6 Level 7 many shops, a temple to Odin, some fountains Level 8 Level 9 Level 10 Level 11 Sokoban: levels 4 to 7 Level 4 Level 5 Level 6 Level 7 stairs to The Dungeons of Doom History has recorded: On T:1 you entered the Dungeons of Doom to retrieve the Amulet of Yendor! On T:663 you advanced to experience level 2. On T:740 you reached level 2 of The Dungeons of Doom. On T:833 you advanced to experience level 3. On T:1381 you advanced to experience level 4. On T:1606 you reached level 3 of The Dungeons of Doom. On T:2131 you reached level 4 of The Dungeons of Doom. On T:2344 you advanced to experience level 5. On T:3816 you advanced to experience level 6. On T:5305 you reached level 1 of The Gnomish Mines. On T:5649 you reached level 2 of The Gnomish Mines. On T:5788 you reached level 4 of The Gnomish Mines. On T:5910 you advanced to experience level 7. On T:6253 you reached level 3 of The Gnomish Mines. On T:6470 you reached level 5 of The Gnomish Mines. On T:8180 you reached level 5 of The Dungeons of Doom. On T:8301 you advanced to experience level 8. On T:10052 you reached level 6 of The Gnomish Mines. On T:12872 you advanced to experience level 9. On T:15535 you reached level 7 of The Gnomish Mines. On T:15913 you received Mjollnir from Tyr. On T:16431 you advanced to experience level 10. On T:16522 you reached level 6 of The Dungeons of Doom. On T:20073 you reached level 7 of The Dungeons of Doom. On T:20375 you reached level 8 of The Dungeons of Doom. On T:20970 you reached level 4 of Sokoban. On T:21302 you reached level 3 of Sokoban. On T:21344 you reached level 9 of The Dungeons of Doom. On T:26122 you reached level 2 of Sokoban. On T:26654 you reached level 1 of Sokoban. Score breakdown: Gold: 0 ( 0 points) Experience: 10 levels (16712 points) Exploration: 11 levels ( 22.92%) (13837 points) Discoveries: 35 items ( 14.23%) (11315 points) Valuables value: (no points given unless you survive) Artifact value: 8000 (13277 points) Variety of kills: 123 monsters ( 32.28%) (17045 points) Turncount: 29202 turns (-3961 points) Survival: died (score multiplied by 80%) Total score: 54580 Latest messages: The guard misses. The guard thrusts his knife. The guard hits! You begin praying to Tyr. You are surrounded by a shimmering light. The guard starts to attack you, but pulls back. (3x) You feel that Tyr is well-pleased. The guard bumps right into you! The guard thrusts his knife. The guard hits! You drop a large box. You rebalance your load. Movement is still difficult. The guard thrusts his knife. The guard hits! The guard thrusts his knife. The guard hits! You die... The guard remits your gold to the vault. Final status: Farvel Zazza the Valkyrie, killed by a guard... You died in The Dungeons of Doom on dungeon level 4 with 54580 points, and 0 pieces of gold, after 29202 moves. You were level 10 with a maximum of 125 hit points when you died.